 Dungeon Crawl Stone Soup version 0.30.1-9-gdf580d7c3d (webtiles) character file.

Game seed: 1974208515036367558

8228 Peloso the Carver (level 11, 0/97 HPs)
             Began as a Minotaur Fighter on Oct 11, 2023.
             Was a Priest of Okawaru.
             Killed from afar by a hell hog (36 damage)
             ... with a fireball
             ... on level 1 of the Abyss.
             The game lasted 00:19:18 (10181 turns).

Peloso the Carver (Minotaur Fighter)               Turns: 10181, Time: 00:19:19

Health: 0/97       AC: 16    Str: 22    XL:     11   Next: 7%
Magic:  10/10      EV:  7    Int:  5    God:    Okawaru [***...]
Gold:   541        SH: 13    Dex: 13    Spells: 10/10 levels left

rFire   . . .        a - +1 falchion
rCold   + . .        d - +2 kite shield
rNeg    + . .        y - +0 plate armour
rPois   .            (helmet restricted)
rElec   .            (no cloak)
rCorr   .            (no gloves)
SInv    .            A - +0 pair of boots {Stlth+}
Will    .....        (no amulet) Stlth
                     f - ring of positive energy
HPRegen 0.36/turn    j - ring of protection from cold
MPRegen 0.12/turn

%: no passive effects
@: no status effects
A: horns 2, retaliatory headbutt
a: Renounce Religion, Heroism


You were on level 1 of the Abyss.
You worshipped Okawaru.
Okawaru was most pleased with you.
You visited 2 branches of the dungeon, and saw 10 of its levels.
You visited the Abyss 1 time.

You collected 541 gold pieces.

Inventory:

Hand Weapons
 a - a +1 falchion (weapon)
 b - a +4 spear of flaming
Missiles
 C - 2 throwing nets (quivered)
Armour
 c - a +0 pair of boots
 d - a +2 kite shield (worn)
 y - a +0 plate armour (worn)
 A - a +0 pair of boots of stealth (worn)
Jewellery
 f - a ring of positive energy (left hand)
 j - a ring of protection from cold (right hand)
 u - a +6 ring of strength
 x - a ring of magical power
 B - a ring of resist corrosion
Wands
 n - a wand of polymorph (14)
 v - a wand of paralysis (9)
Scrolls
 e - a scroll of blinking {unknown}
 g - 16 scrolls of identify {unknown}
 i - 2 scrolls of teleportation
 k - 2 scrolls of vulnerability {unknown}
 l - 2 scrolls of fog {unknown}
 m - a scroll of magic mapping {unknown}
 r - a scroll of immolation {unknown}
 t - a scroll of enchant weapon {unknown}
 D - a scroll of summoning {unknown}
 G - a scroll of poison {unknown}
Potions
 h - 4 potions of curing
 o - 4 potions of attraction {unknown}
 p - 2 potions of might
 q - a potion of lignification {unknown}
 s - 2 potions of degeneration {unknown}
 w - 4 potions of flight
 z - 2 potions of heal wounds
 E - a potion of resistance {unknown}
 F - a potion of ambrosia {unknown}


   Skills:
 + Level 9.1 Fighting
 + Level 12.1 Long Blades
 + Level 11.2 Armour
 + Level 3.2 Dodging
 + Level 1.0 Stealth
 + Level 9.6 Shields
 + Level 0.6 Invocations
 + Level 0.1 Evocations


You had 10 spell levels left.
You didn't know any spells.
Your spell library contained the following spells:

 Spells                   Type           Power      Damage    Failure   Level
 Magic Dart               Conj           0%         1d3       100%        1
 Necrotise                Necr           0%         1d4       100%        1
 Mephitic Cloud           Conj/Pois/Air  0%         N/A       100%        3
 Vampiric Draining        Necr           0%         2d6       100%        3
 Vhi's Electric Charge    Tloc/Air       0%         N/A       100%        3
 Agony                    Necr           0%         N/A       100%        5
 Arcjolt                  Conj/Air       0%         1d10      100%        5
 Plasma Beam              Fire/Air       0%         2x1d11    100%        6
 Borgnjor's Revivificati  Necr           0%         N/A       100%        8
 Necromutation            Tmut/Necr      0%         N/A       100%        8
 Death's Door             Necr           0%         N/A       100%        9
 Call Imp                 Summ           Unusable   N/A       N/A         2

Dungeon Overview and Level Annotations

Branches:
Dungeon (9/15)             Temple (1/1) D:7            Lair (0/5) D:8
    Orc: D:9-12

Altars:
Cheibriados
Elyvilon
Hepliaklqana
Kikubaaqudgha
Okawaru
Qazlal
Uskayaw
Vehumet
Yredelemnul
The Shining One

Shops:
D:4 =   D:7 =

Annotations:
D:2 Sigmund
D:4 1 runed translucent door, ANNNA's ghost, amateur BaFi
D:6 3 runed translucent doors, Trebucz's ghost, novice DEHW
D:7 2 transporters, tish's ghost, novice SpHu
D:8 3 runed translucent doors, tish's ghost, novice OpFi
D:9 Erolcha


Innate Abilities, Weirdness & Mutations

You have a pair of horns on your head.
You reflexively headbutt those who attack you in melee.


Message History

You are cast into the Abyss!
This branch contains the abyssal rune of Zot.
Found a gateway leading deeper into the Abyss.
Found a gateway leading deeper into the Abyss.
There is a gateway leading deeper into the Abyss here.
You feel like a meek peon again.
Magic restored.
A small abomination comes into view.
A small abomination is nearby!
A small abomination is nearby!
A small abomination is nearby!
The sentinel's mark upon you fades away.
You slash the small abomination!
The small abomination is moderately damaged.
The small abomination closely misses you.
You hit the small abomination.
The small abomination is moderately damaged.
A hell hog comes into view.
The small abomination hits you.
You barely miss the small abomination.
You headbutt the small abomination, but do no damage.
The small abomination is moderately damaged.
You block the small abomination's attack.
You hit the small abomination but do no damage.
The small abomination is moderately damaged.
The small abomination barely misses you.
You barely miss the small abomination.
Your headbutt misses the small abomination.
The small abomination is moderately damaged.
The hell hog breathes fire at you.
The fireball explodes!
The fireball engulfs you!!
The fireball engulfs the small abomination!!!
The small abomination is destroyed!
A hell hog comes into view. x2
Unknown command.
The hell hog breathes fire at you.
The fireball explodes!
The fireball engulfs you!!! The hell hog breathes fire at you.
The fireball explodes!
The fireball engulfs you!!!
You die...

#.... ..
#........
##........
#.........
####.##.####
#.#..# #.h#.# ..#
#..#..###...# .h.
#.@..'.#
h#####.#.##...#
###..h .# .#
..#.###.# .# ##
...# ## #. .
...#. #. .###
#.#.# #. # ...
.......... # .
.................
.


You could see 2 hell hogs.

Vanquished Creatures
  4 two-headed ogres
  A manticore (D:7)
  2 gargoyles (D:7)
  Maggie (D:7)
  3 yaks (D:8)
  Eustachio (D:5)
  3 water moccasins
  3 acid dragons
  A black bear (D:7)
  3 orc warriors
  3 ice beasts
  4 ogres
  3 kobold brigands
  2 phantoms
  2 bullfrogs
  2 scorpions (D:6)
  2 gnoll sergeants
  9 wights
  A killer bee (D:7)
  A howler monkey (D:6)
  4 orc priests
  4 hounds
  4 jellies
  A gnoll bouda (D:6)
  6 iguanas
  A sleepcap (D:5)
  9 orc wizards
  Robin (D:3)
  16 gnolls
  6 adders
  A shadow imp (D:7)
  A white imp (D:7)
  2 ufetubi (D:4)
  3 worms
  A dart slug (D:1)
  39 orcs
  7 ball pythons
  7 endoplasms
  5 giant cockroaches
  14 goblins
  9 hobgoblins
  4 jackals (D:1)
  13 kobolds
  5 quokkas
  A bat (D:1)
  2 frilled lizards
  7 rats
224 creatures vanquished.

Vanquished Creatures (others)
  A small abomination (Abyss:1)
1 creature vanquished.

Grand Total: 225 creatures vanquished

Notes
Turn   | Place    | Note
-------+----------+-------------------------------------------
     0 | D:1      | Peloso the Minotaur Fighter began the quest for the Orb.
     0 | D:1      | Reached XP level 1. HP: 19/19 MP: 0/0
   165 | D:1      | Reached XP level 2. HP: 26/27 MP: 1/1
   217 | D:1      | You fall into a shaft and drop 1 floor!
   252 | D:1      | Reached skill level 3 in Long Blades
   252 | D:1      | Reached XP level 3. HP: 21/33 MP: 2/2
   456 | D:2      | Noticed Sigmund
   594 | D:1      | Reached XP level 4. HP: 41/41 MP: 3/3
  1013 | D:3      | Noticed Robin
  1093 | D:3      | Killed Robin
  1195 | D:3      | Found a stormy altar of Qazlal.
  1256 | D:3      | Reached skill level 4 in Long Blades
  1256 | D:3      | Reached XP level 5. HP: 45/47 MP: 4/4
  1284 | D:3      | Noticed a phantom
  1290 | D:3      | Killed a phantom
  1291 | D:3      | Reached skill level 5 in Fighting
  1410 | D:3      | Noticed an ogre
  1479 | D:4      | Reached skill level 5 in Long Blades
  1479 | D:4      | Reached skill level 1 in Dodging
  1479 | D:4      | Reached XP level 6. HP: 38/56 MP: 5/5
  1634 | D:4      | Found a glowing golden altar of the Shining One.
  1676 | D:4      | Reached skill level 5 in Armour
  1862 | D:4      | Found a runed translucent door.
  1863 | D:4      | Noticed ANNNA's ghost (amateur BaFi)
  1964 | D:4      | Found Fiattawoc's Jewellery Shoppe.
  2289 | D:5      | Entered Level 5 of the Dungeon
  2314 | D:5      | Noticed an ice beast
  2326 | D:5      | Killed an ice beast
  2327 | D:5      | Reached XP level 7. HP: 49/61 MP: 6/6
  2815 | D:5      | Reached skill level 6 in Long Blades
  2899 | D:5      | Found a snail-covered altar of Cheibriados.
  2971 | D:5      | Reached skill level 5 in Shields
  3031 | D:5      | Noticed Eustachio
  3077 | D:5      | HP: 3/61 [Eustachio/+0 rapier of venom (6)]
  3081 | D:5      | Killed Eustachio
  3592 | D:6      | Reached XP level 8. HP: 68/70 MP: 7/7
  3698 | D:6      | Reached skill level 7 in Long Blades
  3758 | D:6      | Found a runed translucent gate.
  3758 | D:6      | Found a runed translucent gate.
  3758 | D:6      | Found a runed translucent gate.
  3759 | D:6      | Noticed a spectral unseen horror
  3763 | D:6      | Noticed Trebucz's ghost (novice DEHW)
  4835 | D:6      | Reached skill level 8 in Long Blades
  5416 | D:3      | Reached XP level 9. HP: 78/78 MP: 8/8
  5472 | D:3      | Found an ancient bone altar of Kikubaaqudgha.
  5476 | D:3      | Found a white marble altar of Elyvilon.
  5476 | D:3      | Found a radiant altar of Vehumet.
  5616 | D:3      | Found a hazy altar of Hepliaklqana.
  6176 | D:7      | Found Tirph's Jewellery Boutique.
  6377 | D:7      | Found a staircase to the Ecumenical Temple.
  6529 | D:7      | Noticed Maggie
  6559 | D:7      | Killed Maggie
  6560 | D:7      | Reached skill level 9 in Long Blades
  6906 | Temple   | Entered the Ecumenical Temple
  6957 | Temple   | Became a worshipper of Warmaster Okawaru
  7136 | D:7      | Noticed a gargoyle
  7140 | D:7      | Noticed a manticore
  7141 | D:7      | Reached skill level 10 in Long Blades
  7267 | D:7      | Killed a manticore
  7267 | D:7      | Reached * piety under Okawaru
  7349 | D:7      | Noticed a gargoyle
  7368 | D:7      | Killed a gargoyle
  7369 | D:7      | Reached XP level 10. HP: 70/88 MP: 6/9
  7557 | D:7      | Noticed a two-headed ogre
  7575 | D:7      | Killed a two-headed ogre
  7576 | D:7      | Reached skill level 11 in Long Blades
  7576 | D:7      | Reached skill level 10 in Armour
  7640 | D:7      | Killed a gargoyle
  7748 | D:7      | Found a transporter.
  7870 | D:7      | Noticed tish's ghost (novice SpHu)
  7870 | D:7      | Noticed a moth of wrath
  7890 | D:7      | Found a transporter.
  7896 | D:7      | Noticed a manticore
  8179 | D:7      | Reached ** piety under Okawaru
  8643 | D:8      | Found a runed translucent gate.
  8643 | D:8      | Found a runed translucent gate.
  8644 | D:8      | Found a runed translucent gate.
  8645 | D:8      | Identified the +13 chain mail of the Little Devil {Regen+
                  | rCorr}
  8646 | D:8      | Noticed tish's ghost (novice OpFi)
  9261 | D:8      | Noticed a two-headed ogre
  9276 | D:8      | Killed a two-headed ogre
  9321 | D:8      | Found a staircase to the Lair.
  9642 | D:9      | Noticed a two-headed ogre
  9672 | D:9      | Killed a two-headed ogre
  9672 | D:9      | Reached *** piety under Okawaru
  9679 | D:9      | Noticed a two-headed ogre
  9757 | D:9      | HP: 2/91 [two-headed ogre/+0 giant spiked club (18)]
  9759 | D:9      | Killed a two-headed ogre
  9760 | D:9      | Reached skill level 12 in Long Blades
  9760 | D:9      | Reached skill level 1 in Stealth
  9760 | D:9      | Reached XP level 11. HP: 2/97 MP: 7/10
  9846 | D:9      | Noticed Erolcha
 10146 | Abyss:1  | Cast into level 1 of the Abyss (Erolcha)
 10175 | Abyss:1  | Noticed a hell hog
 10178 | Abyss:1  | Noticed a hell hog
 10178 | Abyss:1  | Noticed a hell hog
 10181 | Abyss:1  | Killed from afar by a hell hog

Illustrated notes

Levels and vault maps discovered:
D:1:      pf_arrival_petrified_forest, layout_loops_ring
D:2:      layout_rooms, basic_altar, uniq_sigmund
D:3:      layout_basic, nicolae_overflow_quartered_altars,
          nicolae_qazlal_eye_of_the_storm, uniq_robin
D:4:      layout_basic, tso_oasis_becter, gammafunk_ghost_grave, minivault_1,
          serial_bayou_pond_e, nicolae_stop_n_shop_1, kennysheep_generic_room_5
D:5:      layout_basic, cheibrodos_worm_habitat, uniq_eustachio
D:6:      layout_layer_cave, gammafunk_ghost_necromancy, chequers_mini_garden
D:7:      minmay_the_grid_triangle_9x9_rhombus_thin
          [minmay_the_grid_triangle_9x9_windchime,
          minmay_the_grid_triangle_9x9_prize_top_heavy,
          minmay_the_grid_triangle_9x9_swiss_cheese,
          minmay_the_grid_triangle_9x9_alien], layout_basic,
          minmay_temple_entry_sparse_star, serial_shops, shop,
          gammafunk_ghost_berserking_beasts, dk_rats_in_the_wall, uniq_maggie
D:8:      layout_basic, lair_entry_dummy, biasface_ghost_orc_armoury,
          nicolae_elevator_lobby_plus
D:9:      layout_big_octagon, fedhas_altar_2,
          mainiacjoe_overflow_six_doors_small, gammafunk_ghost_hydra_chop,
          uniq_erolcha
Temple:   minmay_temple_forest_path
Abyss:1:  base:
D:8

Skill      XL: |  1  2  3  4  5  6  7  8  9 10 |
---------------+-------------------------------+-----
Fighting       | 4 5 6 8 9 |  9.1
Armour         | 4 5 7 8 9 11 | 11.2
Shields        | 4 5 7 8 9 |  9.6
Long Blades    | 3 4 5 6 8 10 12 | 12.1
Dodging        | 1 2 3 |  3.2
Stealth        | 1 |  1.0
Invocations    | |  0.6
Evocations     | |  0.1

Action                     |  1- 3 |  4- 6 |  7- 9 | 10-12 || total
---------------------------+-------+-------+-------+-------++-------
  Melee: Long sword        |    51 |   137 |   301 |       ||   489
         Headbutt          |     5 |    23 |   109 |    48 ||   185
         Falchion          |       |       |   156 |   214 ||   370
 Invoke: Heroism           |       |       |     1 |     6 ||     7
  Evoke: Wand              |       |       |       |     9 ||     9
    Use: Potion            |     1 |     2 |     4 |     1 ||     8
         Scroll            |       |       |     2 |     2 ||     4
 Armour: Scale mail        |    19 |    72 |       |       ||    91
         Chain mail        |       |     6 |    86 |       ||    92
         Plate armour      |       |       |    91 |    43 ||   134
  Dodge: Dodged            |    22 |    80 |   114 |    32 ||   248
  Block: Buckler           |    14 |    33 |    18 |       ||    65
         Kite shield       |       |       |   198 |    83 ||   281
